 Dungeon Crawl Stone Soup version 0.24.0-1-gfbc8707 (webtiles) character file.

Game seed: 16959079661827891011, levelgen mode: deterministic

677931 bonscott the Gnoll Aeon (level 27, 0/333 (337) HPs)
             Began as a Gnoll Warper on Nov 1, 2019.
             Was the Champion of Cheibriados.
             Killed by divine providence
             ... invoked by a mummy priest
              (14 damage)
             ... on level 3 of the Tomb of the Ancients on Nov 3, 2019.
             The game lasted 12:03:36 (72128 turns).

bonscott the Gnoll Aeon (Gnoll Warper)             Turns: 72128, Time: 12:03:37

HP:   0/333 (337)   AC: 33    Str: 33    XL:     27
MP:   17/45         EV:  2    Int: 45    God:    Cheibriados [******]
Gold: 5925          SH: 19    Dex: 32    Spells: 2/63 levels left

rFire    + . .     SeeInvis +   b - +6 sacred scourge (holy)
rCold    + . .     Gourm    .   M - +1 shield {rF+}
rNeg     + + +     Faith    .   (armour currently unavailable)
rPois    +         Spirit   .   (helmet currently unavailable)
rElec    +         Reflect  .   (cloak currently unavailable)
rCorr    .         Harm     .   (gloves currently unavailable)
MR       ++++.     NoTele   +   (boots currently unavailable)
Stlth    ++++++++..             E - amulet "Fisisai" {RegenMP rN+ MR+}
HPRegen  0.65/turn              w - ring of Xiwagos {rElec rC+ Int+3 SInv}
MPRegen  0.54/turn              H - ring of Tender Moments {rN+ Int+5 Stlth+}

@: tree-form, silence, marked, slowed, studying 2 skills, deflect missiles, very
slow
A: distributed training, rugged brown scales 1, blurry vision 2, magic
resistance 1, strong nose
}: 4/15 runes: decaying, serpentine, slimy, silver
a: Renounce Religion


You were on level 3 of the Tomb of the Ancients.
You worshipped Cheibriados.
Cheibriados was exalted by your worship.
You were not hungry.
You were a tree.
You visited 11 branches of the dungeon, and saw 55 of its levels.
You visited the Abyss 1 time.
You also visited: Gauntlet.

You collected 7601 gold pieces.
You spent 1676 gold pieces at shops.

Inventory:

Hand Weapons
 a - a +9 vampiric eveningstar
 b - a +6 sacred scourge of holy wrath (weapon)
 m - the +9 dagger "Emnysu" {freeze, rElec}
   (You took it off an ironbrand convoker on level 5 of the Vaults)

   It has been specially enchanted to freeze those struck by it, causing extra
   injury to most foes and up to half again as much damage against particularly
   susceptible opponents.
   It can also slow down cold-blooded creatures.
   It insulates you from electricity.
Missiles
 c - 1727 stones (quivered)
 d - 5 throwing nets
 e - 11 boomerangs of dispersal
 t - 14 curare-tipped darts
 z - 21 javelins
 C - 39 boomerangs
 R - 5 silver javelins
Armour
 j - a +1 helmet of intelligence (melded)
 o - +10 pearl dragon scales (melded)
 q - the +0 cloak of Enaixol (melded) {Dex+4}
   (You found it on level 5 of the Pits of Slime)

   It affects your dexterity (+4).
 J - a +1 pair of gloves of archery (melded)
 M - a +1 shield of fire resistance (worn)
 Z - a +1 pair of boots (melded)
Magical Staves
 Q - an uncursed staff of energy
Jewellery
 w - the ring of Xiwagos (left branch) {rElec rC+ Int+3 SInv}
   (You took it off a minotaur in a Gauntlet)

   [ring of see invisible]

   It affects your intelligence (+3).
   It protects you from cold.
   It insulates you from electricity.
   It lets you see invisible.
 E - the amulet "Fisisai" (around neck) {RegenMP rN+ MR+}
   (You found it on level 1 of the Vaults)

   [amulet of magic regeneration]

   It increases your magic regeneration.
   It protects you from negative energy.
   It affects your resistance to hostile enchantments.
 H - the ring of Tender Moments (right branch) {rN+ Int+5 Stlth+}
   (You found it on level 5 of the Pits of Slime)

   [ring of stealth]

   It affects your intelligence (+5).
   It protects you from negative energy.
   It makes you more stealthy.
Wands
 y - a wand of clouds (13)
 G - a wand of digging (13)
Scrolls
 i - a scroll of summoning
 n - 4 scrolls of blinking
 s - a scroll of silence
 u - 23 scrolls of remove curse
 x - 9 scrolls of fear
 A - 7 scrolls of fog
 F - 5 scrolls of magic mapping
 L - 2 scrolls of holy word
 V - 12 scrolls of teleportation
Potions
 g - 9 potions of agility
 h - 5 potions of ambrosia
 k - 9 potions of brilliance
 l - 8 potions of flight
 r - 4 potions of invisibility
 v - 4 potions of lignification
 B - 4 potions of magic
 D - 3 potions of mutation
 O - 5 potions of might
 T - 11 potions of curing
 U - 3 potions of cancellation
 X - 2 potions of heal wounds
 Y - 4 potions of resistance
Books
 P - a manual of Fire Magic
 W - a manual of Summonings
Miscellaneous
 p - a lamp of fire (inert)
 I - a lightning rod (3/4)
 K - 3 phantom mirrors
 S - a fan of gales (inert)
Comestibles
 f - 95 rations


   Skills:
 + Level 18.7 Fighting
 + Level 18.3 Short Blades
 + Level 18.7 Long Blades
 + Level 18.3 Axes
 + Level 18.3 Maces & Flails
 + Level 18.3 Polearms
 + Level 18.3 Staves
 + Level 18.3 Slings
 + Level 18.3 Bows
 + Level 18.3 Crossbows
 + Level 18.5 Throwing
 + Level 18.5 Armour
 + Level 18.7 Dodging
 + Level 18.3 Stealth
 + Level 18.3 Shields
 + Level 18.3 Unarmed Combat
 + Level 18.8 Spellcasting
 + Level 15.8 Conjurations
 + Level 15.8 Hexes
 + Level 15.8 Charms
 + Level 17.1 Summonings
 + Level 15.8 Necromancy
 + Level 16.5 Translocations
 + Level 15.8 Transmutations
 + Level 16.5 Fire Magic
 + Level 15.8 Ice Magic
 + Level 15.8 Air Magic
 + Level 15.8 Earth Magic
 + Level 15.8 Poison Magic
 + Level 19.7 Invocations
 + Level 18.3 Evocations


You had 2 spell levels left.
You knew the following spells:

 Your Spells              Type           Power        Failure   Level  Hunger
a - Apportation           Tloc           ######       0%          1    None
b - Blink                 Tloc           N/A          0%          2    None
c - Borgnjor's Vile Clut  Necr/Erth      ########..   1%          5    None
g - Gell's Gravitas       Tloc           ########..   0%          3    None
l - Lesser Beckoning      Tloc           ########..   0%          3    None
p - Passwall              Tmut/Erth      ########     0%          2    None
s - Silence               Hex/Air        ########..   1%          5    None
t - Tukima's Dance        Hex            ########     0%          3    None
u - Dispel Undead         Necr           ########     1%          5    None
A - Aura of Abjuration    Summ           ########..   0%          5    None
C - Controlled Blink      Tloc           N/A          3%          8    #......
D - Deflect Missiles      Chrm/Air       ########..   1%          6    None
L - Summon Lightning Spi  Summ/Air       ########     0%          4    None
S - Statue Form           Tmut/Erth      ########.    1%          6    None
T - Teleport Other        Tloc           ########     0%          3    None

Your spell library contained the following spells:

 Spells                   Type           Power        Failure   Level  Hunger
 Animate Skeleton         Necr           N/A          0%          1    None
 Beastly Appendage        Tmut           ######       0%          1    None
 Confusing Touch          Hex            ######       0%          1    None
 Corona                   Hex            #######      0%          1    None
 Flame Tongue             Conj/Fire      #####        0%          1    None
 Freeze                   Ice            ####         0%          1    None
 Infusion                 Chrm           ####         0%          1    None
 Magic Dart               Conj           ####         0%          1    None
 Pain                     Necr           ####         0%          1    None
 Sandblast                Erth           ######       0%          1    None
 Shock                    Conj/Air       ####         0%          1    None
 Sting                    Conj/Pois      ####         0%          1    None
 Summon Butterflies       Summ           ########     0%          1    None
 Summon Small Mammal      Summ           ####         0%          1    None
 Call Imp                 Summ           ########     0%          2    None
 Corpse Rot               Necr           N/A          0%          2    None
 Ensorcelled Hibernation  Hex/Ice        ######       0%          2    None
 Poisonous Vapours        Pois/Air       ######       0%          2    None
 Searing Ray              Conj           ######       0%          2    None
 Shroud of Golubria       Chrm/Tloc      ######       0%          2    None
 Slow                     Hex            ########     0%          2    None
 Song of Slaying          Chrm           ########     0%          2    None
 Sticks to Snakes         Tmut           ########     0%          2    None
 Sublimation of Blood     Necr           ########..   0%          2    None
 Swiftness                Chrm/Air       ########     0%          2    None
 Throw Flame              Conj/Fire      ######       0%          2    None
 Throw Frost              Conj/Ice       ######       0%          2    None
 Confuse                  Hex            ########     0%          3    None
 Conjure Flame            Conj/Fire      ########     0%          3    None
 Dazzling Spray           Conj/Hex       ######       0%          3    None
 Ignite Poison            Fire/Tmut/Pois ########     0%          3    None
 Inner Flame              Hex/Fire       ########     0%          3    None
 Mephitic Cloud           Conj/Pois/Air  ########     0%          3    None
 Ozocubu's Armour         Chrm/Ice       ########     0%          3    None
 Portal Projectile        Hex/Tloc       ######       0%          3    None
 Recall                   Summ/Tloc      N/A          0%          3    None
 Regeneration             Chrm/Necr      ########..   0%          3    None
 Spectral Weapon          Hex/Chrm       ########     0%          3    None
 Spider Form              Tmut/Pois      ########..   0%          3    None
 Static Discharge         Conj/Air       ########     0%          3    None
 Stone Arrow              Conj/Erth      ######       0%          3    None
 Airstrike                Air            ########..   0%          4    None
 Animate Dead             Necr           N/A          0%          4    None
 Cause Fear               Hex            ########..   0%          4    None
 Force Lance              Conj/Tloc      ########     0%          4    None
 Fulminant Prism          Conj/Hex       ########..   0%          4    None
 Ice Form                 Ice/Tmut       ########     0%          4    None
 Iskenderun's Mystic Bla  Conj           ########     0%          4    None
 Leda's Liquefaction      Hex/Erth       ########..   0%          4    None
 Olgreb's Toxic Radiance  Pois           ########     0%          4    None
 Passage of Golubria      Tloc           N/A          0%          4    None
 Petrify                  Tmut/Erth      ########     0%          4    None
 Sticky Flame             Conj/Fire      ########     0%          4    None
 Summon Ice Beast         Ice/Summ       ########     0%          4    None
 Throw Icicle             Conj/Ice       ########     0%          4    None
 Summon Demon             Summ           ########..   0%          5    None
 Summon Forest            Summ/Tloc      ########..   0%          5    None
 Summon Mana Viper        Hex/Summ       ########     0%          5    None
 Agony                    Necr           ########     1%          5    None
 Alistair's Intoxication  Tmut/Pois      ########     1%          5    None
 Blade Hands              Tmut           ########..   1%          5    None
 Bolt of Draining         Conj/Necr      ########..   1%          5    None
 Bolt of Magma            Conj/Fire/Erth ########..   1%          5    None
 Excruciating Wounds      Chrm/Necr      ########..   1%          5    None
 Fireball                 Conj/Fire      ########..   1%          5    None
 Irradiate                Conj/Tmut      ########..   1%          5    None
 Iskenderun's Battlesphe  Conj/Chrm      ########     1%          5    None
 Lee's Rapid Deconstruct  Erth           ########..   1%          5    None
 Lightning Bolt           Conj/Air       ########..   1%          5    None
 Metabolic Englaciation   Hex/Ice        ########..   1%          5    None
 Venom Bolt               Conj/Pois      ########..   1%          5    None
 Yara's Violent Unravell  Hex/Tmut       ########..   1%          5    None
 Bolt of Cold             Conj/Ice       ########..   1%          6    None
 Bolt of Fire             Conj/Fire      ########..   1%          6    None
 Conjure Ball Lightning   Conj/Air       ########..   1%          6    None
 Darkness                 Hex            ########..   1%          6    None
 Dispersal                Tloc           ########..   1%          6    None
 Freezing Cloud           Conj/Ice/Air   ########..   1%          6    None
 Hydra Form               Tmut           ########..   1%          6    None
 Invisibility             Hex            ########     1%          6    None
 Iron Shot                Conj/Erth      ########..   1%          6    None
 Ozocubu's Refrigeration  Ice            ########..   1%          6    None
 Shadow Creatures         Summ           N/A          1%          6    None
 Simulacrum               Ice/Necr       ########..   1%          6    None
 Dragon Form              Tmut           ########..   1%          7    None
 Malign Gateway           Summ/Tloc      ########..   1%          7    None
 Orb of Destruction       Conj           ########..   1%          7    None
 Ring of Flames           Chrm/Fire      ########..   1%          7    None
 Spellforged Servitor     Conj/Summ      ########..   1%          7    None
 Summon Hydra             Summ           ########..   1%          7    None
 Disjunction              Tloc           ########..   3%          8    #......
 Ignition                 Fire           ########..   3%          8    #......
 Borgnjor's Revivificati  Necr           ########..   4%          8    #......
 Discord                  Hex            ########..   4%          8    #......
 Dragon's Call            Summ           ########..   41%         9    ####...
 Shatter                  Erth           ########..   58%         9    ####...
 Tornado                  Air            ########..   58%         9    ####...


Dungeon Overview and Level Annotations

Branches:
Dungeon (15/15)            Temple (0/1) D:6            Lair (6/6) D:9
  Swamp (4/4) Lair:4        Snake (4/4) Lair:2        Slime (5/5) Lair:6
    Orc (2/2) D:12            Elf (3/3) Orc:2        Vaults (5/5) D:14
  Crypt (3/3) Vaults:2       Tomb (3/3) Crypt:3      Depths (5/5) D:15
    Zot (0/5) Depths:5    Gauntlet (visited)

Altars:
Ashenzari
Cheibriados
Dithmenos
Elyvilon
Fedhas
Gozag
Hepliaklqana
Kikubaaqudgha
Okawaru
Qazlal
Ru
Trog
Vehumet
Xom
Yredelemnul
The Shining One
Beogh
Jiyva

Shops:
D:8 [(   D:9 =*   Orc:2 ([}([   Elf:1 [   Elf:2 :

Portals:
Hell: Depths:1 Depths:2 Depths:3 Depths:4 Depths:5
Abyss: Depths:4 Depths:5
Pandemonium: Depths:3
Ziggurat: Depths:5
Trove: Depths:3 (show abyssal rune of Zot)


Innate Abilities, Weirdness & Mutations

Your experience applies equally to all skills.
((You have very sharp teeth.))
Your uncanny sense of smell can sniff out nearby items.
(You are partially covered in rugged brown scales. (AC +1, +3% HP))
((You are partially covered in slimy green scales. (AC +2)))
((You can translocate small distances at will.))
Scrolls take you longer to read.
You are resistant to hostile enchantments. (MR+)


Message History

The flying skull is engulfed in blazing flames.
The death scarab is engulfed in blazing flames.
You block the death scarab's attack.
The skeletal warrior is engulfed in blazing flames.
You block the death scarab's attack.
The ancient champion hits you but does no damage.
The guardian mummy is engulfed in blazing flames.
The ancient champion hits you but does no damage.
The guardian mummy hits you!
* * * LOW HITPOINT WARNING * * *
The flying skull is engulfed in blazing flames.
The death scarab is engulfed in blazing flames.
The mummy priest is engulfed in blazing flames.
The guardian mummy is engulfed in blazing flames.
The death scarab bites you but does no damage.
The skeletal warrior is engulfed in blazing flames.
The ancient champion is engulfed in blazing flames.
The mummy priest mumbles some strange prayers to its god against you.
Something smites you!
You die... ######## ∆∆ #M♣z8M5# ∆∆∆ #zssz35# ∆ ∆ #MzszsM# ∆∆ #sMMzZW# ∆ #sMzZMz# ∆ #MMMs§M# ∆ ∆§ssM.M.+ .#MMsM§.#∆ #......#

You could see 3 ancient champions, 3 mummy priests, 3 skeletal warriors, 10 guardian mummies, an ushabti, a ynoxinul, a wraith, 10 death scarabs, 2 flying skulls, 4 mummies, a fire giant simulacrum, 2 ufetubi and a centaur zombie.

Vanquished Creatures
  Khufu (Crypt:3)
  Mara (Depths:2)
  An ancient lich (Tomb:3)
  Mennas (Crypt:1)
  A juggernaut (Depths:5)
  21 greater mummies
  Sojobo (Vaults:2)
  Bai Suzhen (Crypt:3)
  Boris (twice) (Vaults:2 Vaults:4)
  Frederick (Vaults:2)
  Saint Roka (Depths:4)
  Vashnia (Snake:4)
  A golden dragon (Vaults:5)
  the Enchantress (Depths:3)
  Nikola (Snake:1)
  A bone dragon (Abyss:3)
  The ghost of TPoD the Slayer, an adept HOMo of Beogh (Vaults:1)
  5 liches
  6 tentacled monstrosities
  Rupert (Lair:3)
  2 deep elf blademasters (Elf:3)
  Asterion (Elf:3)
  7 titans (Vaults:5)
  3 quicksilver dragons
  15 acid blobs
  2 deep elf master archers (Elf:3)
  7 shadow dragons
  3 ancient champions
  A tentacled starspawn (Abyss:3)
  6 sphinxes
  The ghost of Viocziel the Brawler, an adept TrMo of Nemelex Xobeh (Depths:4)
  Frances (Swamp:1)
  3 thorn hunters
  A storm dragon (Vaults:5)
  7 nagarajas
  The ghost of TheGoonsmith the Marksminotaur, an adept MiBe of Trog (Snake:1)
  Kirke (Snake:4)
  9 tengu reavers
  Roxanne (Snake:4)
  6 revenants
  12 fire giants
  10 azure jellies
  24 vault wardens
  7 frost giants
  9 deep elf sorcerers
  A ghost moth (Crypt:3)
  An orc warlord (Orc:1)
  A draconian knight (Depths:5)
  A draconian scorcher (Depths:5)
  Aizul (Snake:3)
  A curse skull (Crypt:3)
  2 war gargoyles (Vaults:5)
  3 spriggan defenders (Depths:3)
  19 stone giants
  An entropy weaver (Vaults:4)
  19 very ugly things
  An ophan (Abyss:3)
  3 vampire knights
  A juggernaut skeleton (Crypt:3)
  6 deep elf elementalists
  10 ironheart preservers
  2 green draconians (Depths:5)
  4 bennus
  6 deep elf demonologists
  2 white draconians (Depths:5)
  A minotaur (Gauntlet)
  2 red draconians (Depths:5)
  5 deep elf annihilators
  5 spark wasps (Depths:3)
  8 eidola
  17 ettins
  2 spectral golden dragons (Crypt:3)
  16 mummy priests
  A crystal guardian (Vaults:3)
  16 fire dragons
  10 deep elf death magi
  10 ogre magi
  9 great orbs of eyes
  9 death oozes
  Erolcha (D:9)
  23 yaktaur captains
  5 jiangshi
  The ghost of Peer the Fighter, a journeyman TeAE of Makhleb (D:13)
  5 deep elf high priests
  Harold (D:8)
  A monstrous demonspawn (Depths:3)
  3 rakshasas
  13 ice dragons
  19 hydras
  2 shambling mangroves
  A catoblepas (D:15)
  43 vault guards
  4 spriggan air magi
  4 naga warriors
  15 anacondas
  A satyr (shapeshifter) (Depths:2)
  4 death knights
  10 centaur warriors
  A spectral frost giant (Crypt:3)
  36 two-headed ogres
  2 tengu warriors (Depths:5)
  The ghost of Salanewt the Frost Mage, a novice BaIE of Qazlal (D:9)
  8 alligators
  3 death yaks (Lair:5)
  A hell hog (Abyss:3)
  28 death scarabs
  9 deep troll shamans
  7 deep troll earth magi
  6 spriggan berserkers
  9 vampire magi
  A spectral storm dragon (Crypt:3)
  13 hell knights
  5 shock serpents
  4 orc high priests
  14 naga sharpshooters
  Sonja (Orc:1)
  18 deep elf knights
  3 soul eaters
  6 shadow wraiths
  5 iron trolls
  3 salamander mystics (Snake:4)
  A spectral catoblepas (Crypt:3)
  A spark wasp zombie (Depths:2)
  A storm dragon skeleton (Crypt:3)
  22 skeletal warriors
  A spectral anaconda (Crypt:3)
  A spectral iron dragon (Crypt:3)
  3 glowing orange brains
  An unseen horror (Abyss:3)
  A golden dragon zombie (Depths:2)
  21 deep elf archers
  A shadow demon (Depths:3)
  11 flayed ghosts
  33 deep trolls
  16 swamp dragons
  8 naga ritualists
  7 wizards
  3 spriggan druids
  A spectral hydra (Crypt:3)
  10 phantasmal warriors
  A shadow dragon zombie (Tomb:1)
  21 ironbrand convokers
  7 harpies
  2 orb spiders (shapeshifter)
  2 spectral ettins (Crypt:3)
  9 wolf spiders
  14 necromancers
  2 human zombies
  10 orc knights
  31 ugly things
  7 shining eyes
  11 mana vipers
  2 wolf spider zombies (D:13)
  2 manticores (D:14)
  3 orc sorcerers
  3 fire giant zombies
  A faun (shapeshifter) (Vaults:5)
  72 deep elf magi
  9 cyclopes
  A manticore (shapeshifter) (Depths:1)
  A shining eye (shapeshifter) (Vaults:2)
  3 oklob plants (D:13)
  13 salamanders
  A sphinx skeleton (Crypt:1)
  Maurice (D:7)
  13 guardian serpents
  A water nymph (shapeshifter) (Vaults:2)
  An iron dragon skeleton (Tomb:1)
  7 naga magi
  3 eyes of devastation
  2 elephants (Gauntlet)
  16 vault sentinels
  33 black mambas
  A guardian serpent (shapeshifter) (Vaults:5)
  Psyche (D:8)
  2 gargoyles
  3 fire giant skeletons
  A stone giant skeleton (Crypt:2)
  A storm dragon simulacrum (Crypt:3)
  2 grey draconian zombies
  38 spiny frogs
  An apocalypse crab (Abyss:3)
  A komodo dragon (shapeshifter) (Depths:2)
  6 tengu conjurers
  3 efreet
  5 kobold demonologists
  An ice devil (Depths:4)
  3 komodo dragons
  3 rime drakes
  A dire elephant skeleton (Crypt:2)
  20 freezing wraiths
  26 guardian mummies
  2 hellwings (Depths:3)
  2 trolls (shapeshifter)
  67 yaktaurs
  3 spectral nagas (Snake:1)
  12 trolls
  A polar bear (shapeshifter) (Vaults:2)
  A tengu simulacrum (Vaults:3)
  A wind drake (shapeshifter) (Vaults:5)
  10 tyrant leeches
  A merfolk (D:9)
  An iron troll skeleton (Crypt:3)
  3 ancient zymes (Abyss:3)
  A merfolk (shapeshifter) (Depths:5)
  15 hornets
  137 slime creatures
  A human skeleton (Vaults:2)
  8 hippogriffs
  2 frost giant simulacra
  15 bog bodies
  A raiju (Abyss:3)
  A blink frog (shapeshifter) (Vaults:2)
  22 blink frogs
  A snapping turtle (shapeshifter) (Vaults:5)
  A deep troll skeleton (Depths:1)
  A hydra skeleton (Crypt:2)
  18 flying skulls
  Sigmund (D:6)
  A centaur simulacrum (D:13)
  A ynoxinul (Depths:3)
  10 spriggans
  3 air elementals (Elf:3)
  A satyr skeleton (Crypt:2)
  18 wraiths
  2 spriggans (shapeshifter)
  7 shadows
  27 dancing weapons
  A yak (shapeshifter) (Vaults:3)
  12 ushabtiu
  A vampire (D:12)
  6 wyverns
  A hog (Snake:4)
  6 fire elementals
  9 water elementals
  42 yaks
  6 basilisks
  4 hungry ghosts
  11 golden eyes
  3 golden eyes (shapeshifter)
  A chaos spawn (Abyss:3)
  A steam dragon (shapeshifter) (Vaults:4)
  Grum (D:8)
  18 vampire mosquitoes
  A wind drake skeleton (Crypt:3)
  A small abomination (Abyss:3)
  Menkaure (D:6)
  15 wargs
  9 insubstantial wisps
  A torturous demonspawn zombie (Crypt:1)
  13 swamp worms
  40 nagas
  A soldier ant (shapeshifter) (Depths:2)
  2 acid dragons (D:14)
  17 water moccasins
  2 hell hounds (Gauntlet)
  2 floating eyes
  A spectral snapping turtle (Crypt:3)
  A water moccasin (shapeshifter) (Depths:2)
  13 porcupines
  An infernal demonspawn skeleton (Crypt:2)
  A two-headed ogre skeleton (Crypt:3)
  55 orc warriors
  3 ice beasts
  A hornet zombie (D:9)
  A black mamba simulacrum (Snake:1)
  20 swamp drakes
  5 black bears
  A necrophage (Crypt:1)
  3 sky beasts
  2 phantoms
  23 wolves
  2 eyes of draining
  15 boggarts
  25 ogres
  12 centaurs
  A manticore skeleton (Tomb:1)
  A rime drake zombie (Crypt:2)
  16 crocodiles
  Blork the orc (D:4)
  A big kobold (shapeshifter) (Vaults:5)
  A spectral human (Crypt:3)
  12 big kobolds
  25 bullfrogs
  3 gnoll sergeants (D:12)
  A bullfrog (shapeshifter) (Vaults:5)
  5 earth elementals (D:15)
  A yaktaur skeleton (Crypt:2)
  A wyvern skeleton (D:13)
  A polar bear zombie (Crypt:3)
  A queen bee zombie (Crypt:1)
  5 scorpions
  An elf simulacrum (Vaults:2)
  12 killer bees
  A human simulacrum (Vaults:2)
  12 wights
  4 electric eels
  A spriggan skeleton (Tomb:1)
  3 centaur zombies
  12 crimson imps
  2 bullfrog zombies
  4 starcursed masses (Abyss:3)
  5 hounds
  18 jellies
  33 orc priests
  Crazy Yiuf (D:3)
  28 orc wizards
  A bullfrog skeleton (D:4)
  2 centaur skeletons
  An iron imp (Depths:5)
  2 iguanas
  5 worker ants
  2 naga simulacra (Snake:1)
  A killer bee zombie (D:10)
  An acid dragon zombie (Crypt:3)
  A tengu zombie (Crypt:1)
  A deep dwarf skeleton (Crypt:3)
  A naga skeleton (Crypt:2)
  32 mummies
  A howler monkey zombie (D:11)
  Robin (D:3)
  7 gnolls
  15 adders
  4 shadow imps
  A lava snake zombie (Crypt:1)
  2 oozes
  2 adder skeletons
  An adder zombie (D:6)
  2 worms (D:2)
  2 dart slugs
  4 leopard geckos
  133 orcs
  2 ball pythons
  7 bats
  7 giant cockroaches
  15 goblins
  13 hobgoblins
  15 jackals
  3 quokkas
  5 frilled lizards
  A jackal skeleton (D:4)
  A jackal zombie (Crypt:2)
  24 kobolds
  2 leopard gecko skeletons
  A leopard gecko zombie (Crypt:2)
  2 quokka skeletons
  7 rats
  A rat zombie (Crypt:1)
  2 bushes (Lair:6)
  A fungus (Lair:6)
  4 plants
2656 creatures vanquished.

Vanquished Creatures (collateral kills)
  the Royal Jelly (Slime:5)
  3 greater mummies (Tomb:1)
  Jorgrun (Orc:1)
  2 acid blobs (Slime:5)
  A thorn hunter (Swamp:4)
  A nagaraja (Snake:4)
  An azure jelly (Slime:5)
  A frost giant (Depths:4)
  Louise (Depths:4)
  A ghoul (Crypt:1)
  A bennu (Tomb:1)
  An ettin (Depths:5)
  2 death oozes (Slime:5)
  3 vault guards (Vaults:5)
  An ice dragon (Depths:5)
  4 hydras
  A centaur warrior (Vaults:1)
  6 two-headed ogres
  A deep troll earth mage (Depths:5)
  A deep troll shaman (Depths:5)
  2 naga sharpshooters (Snake:4)
  A spriggan berserker (Swamp:4)
  A deep elf knight (Elf:1)
  A skeletal warrior (Tomb:3)
  An iron troll (Depths:5)
  A flayed ghost (Vaults:2)
  A deep elf archer (Elf:1)
  2 ironbrand convokers
  5 swamp dragons
  A wolf spider zombie (D:13)
  An orc knight (Orc:1)
  3 ugly things (D:15)
  A mana viper (Snake:4)
  A deep elf mage (Elf:1)
  2 naga magi (Snake:4)
  A spectral shock serpent (Snake:1)
  2 guardian serpents (Snake:4)
  4 black mambas
  2 spiny frogs (Lair:6)
  A yaktaur (Vaults:1)
  2 tengu conjurers
  A tyrant leech (Swamp:1)
  A bog body (Swamp:4)
  A spectral naga (Snake:1)
  3 slime creatures
  A spectral black mamba (Snake:1)
  A basilisk (D:15)
  A water moccasin (D:9)
  An acid dragon (D:11)
  3 swamp drakes
  4 orc warriors
  An ogre (Orc:1)
  A black mamba simulacrum (Snake:1)
  2 wolves (D:8)
  A crocodile (Lair:6)
  A bullfrog (Lair:6)
  4 wights (Crypt:1)
  An adder (D:12)
98 creatures vanquished.

Vanquished Creatures (others)
  A vampire knight (Depths:3)
  A deep elf death mage (Elf:3)
  An anaconda (Snake:4)
  A centaur warrior (Depths:1)
  An alligator (Swamp:4)
  A deep elf knight (Elf:1)
  An orc knight (Vaults:4)
  A salamander (Snake:3)
  A hornet (Vaults:5)
  2 dancing weapons
  3 humans (Snake:4)
  A vampire mosquito (Swamp:2)
  A swamp drake (Swamp:3)
  An orc warrior (Vaults:4)
  A ball lightning (Tomb:3)
  A demonic plant (Gauntlet)
  31 fungi
  34 plants
  2 starspawn tentacles (Abyss:3)
  12 toadstools
  10 withered plants (Crypt:1)
108 creatures vanquished.

Grand Total: 2862 creatures vanquished

Notes
Turn   | Place    | Note
-------+----------+-------------------------------------------
     0 | D:1      | bonscott the Gnoll Warper began the quest for the Orb.
     0 | D:1      | Reached XP level 1. HP: 20/20 MP: 6/6
    23 | D:1      | Reached XP level 2. HP: 13/26 MP: 7/7
   244 | D:1      | Learned a level 2 spell: Blink
   247 | D:1      | Learned a level 2 spell: Shroud of Golubria
   743 | D:1      | Reached XP level 3. HP: 23/31 MP: 9/9
   846 | D:1      | Reached skill level 5 in Spellcasting
  1254 | D:2      | Reached skill level 1 in Invocations
  1412 | D:2      | Reached skill level 1 in Short Blades
  1412 | D:2      | Reached skill level 1 in Axes
  1412 | D:2      | Reached skill level 1 in Maces & Flails
  1412 | D:2      | Reached skill level 1 in Polearms
  1412 | D:2      | Reached skill level 1 in Staves
  1412 | D:2      | Reached skill level 1 in Slings
  1412 | D:2      | Reached skill level 1 in Bows
  1412 | D:2      | Reached skill level 1 in Crossbows
  1412 | D:2      | Reached skill level 1 in Stealth
  1412 | D:2      | Reached skill level 1 in Shields
  1412 | D:2      | Reached skill level 1 in Unarmed Combat
  1412 | D:2      | Reached skill level 1 in Evocations
  1456 | D:2      | Reached XP level 4. HP: 27/38 MP: 11/11
  1956 | D:2      | Learned a level 3 spell: Gell's Gravitas
  1978 | D:2      | Reached skill level 1 in Conjurations
  1978 | D:2      | Reached skill level 1 in Hexes
  1978 | D:2      | Reached skill level 1 in Charms
  1978 | D:2      | Reached skill level 1 in Summonings
  1978 | D:2      | Reached skill level 1 in Necromancy
  1978 | D:2      | Reached skill level 1 in Transmutations
  1978 | D:2      | Reached skill level 1 in Fire Magic
  1978 | D:2      | Reached skill level 1 in Ice Magic
  1978 | D:2      | Reached skill level 1 in Air Magic
  1978 | D:2      | Reached skill level 1 in Earth Magic
  1978 | D:2      | Reached skill level 1 in Poison Magic
  2271 | D:3      | Noticed Robin
  2278 | D:3      | Killed Robin
  2278 | D:3      | Reached XP level 5. HP: 43/43 MP: 5/12
  2375 | D:3      | Learned a level 3 spell: Lesser Beckoning
  2379 | D:3      | Learned a level 3 spell: Teleport Other
  2733 | D:3      | Found a snail-covered altar of Cheibriados.
  2734 | D:3      | Found a stormy altar of Qazlal.
  2734 | D:3      | Found a hazy altar of Hepliaklqana.
  2735 | D:3      | Found a shadowy altar of Dithmenos.
  2975 | D:3      | Found a runed translucent door.
  2976 | D:3      | Noticed Crazy Yiuf
  3488 | D:3      | Became a worshipper of Cheibriados the Contemplative
  3531 | D:3      | Killed Crazy Yiuf
  3827 | D:4      | Noticed a phantom
  3874 | D:4      | Killed a phantom
  3874 | D:4      | Reached skill level 2 in Invocations
  3874 | D:4      | Reached XP level 6. HP: 26/50 MP: 11/13
  4145 | D:4      | Noticed Blork the orc
  4676 | D:4      | Reached skill level 5 in Fighting
  4676 | D:4      | Reached skill level 5 in Long Blades
  4676 | D:4      | Reached skill level 5 in Dodging
  4896 | D:4      | Killed Blork the orc
  4896 | D:4      | Reached * piety under Cheibriados
  4896 | D:4      | Reached XP level 7. HP: 37/56 MP: 10/15
  5174 | D:4      | Found a shattered altar of Ashenzari.
  5448 | D:5      | Entered Level 5 of the Dungeon
  5953 | D:5      | Found an ancient bone altar of Kikubaaqudgha.
  6615 | D:5      | Reached skill level 3 in Invocations
  6793 | D:6      | Noticed Menkaure
  6797 | D:6      | Killed Menkaure
  6797 | D:6      | Reached XP level 8. HP: 63/63 MP: 13/16
  6993 | D:6      | Found a sacrificial altar of Ru.
  7083 | D:6      | Found an opulent altar of Gozag.
  7103 | D:6      | Noticed Sigmund
  7120 | D:6      | Killed Sigmund
  7321 | D:6      | Found a staircase to the Ecumenical Temple.
  7493 | D:6      | Reached ** piety under Cheibriados
  7867 | D:7      | Reached skill level 4 in Invocations
  8159 | D:7      | Reached XP level 9. HP: 69/69 MP: 18/18
  8209 | D:7      | Found a glowing golden altar of the Shining One.
  8294 | D:7      | Got a jewelled ring mail
  8295 | D:7      | Identified the +1 ring mail of the Dungeon {rF+ rN+ Int+4}
                  | (You found it on level 7 of the Dungeon)
  8396 | D:7      | Identified the Catalogue of Cankerous Weightlessness
  8490 | D:7      | Found a radiant altar of Vehumet.
  8490 | D:7      | Found an iron altar of Okawaru.
  8490 | D:7      | Found a white marble altar of Elyvilon.
  8589 | D:7      | Learned a level 1 spell: Shock
  8593 | D:7      | Learned a level 3 spell: Tukima's Dance
  8605 | D:8      | Noticed Maurice
  8626 | D:8      | Found a basalt altar of Yredelemnul.
  8762 | D:8      | Noticed a two-headed ogre
  8794 | D:8      | Killed a two-headed ogre
  8794 | D:8      | Reached skill level 5 in Throwing
  8794 | D:8      | Reached skill level 5 in Armour
  8825 | D:8      | Reached skill level 5 in Invocations
  8961 | D:8      | Found Xuibewit's Antique Armour Shoppe.
  9040 | D:8      | Found a blossoming altar of Fedhas.
  9273 | D:8      | Reached XP level 10. HP: 77/77 MP: 13/20
  9405 | D:8      | Noticed Grum
  9447 | D:8      | Reached *** piety under Cheibriados
  9482 | D:8      | Found a bloodstained altar of Trog.
  9515 | D:8      | Found Fashem's Weapon Shoppe.
  9530 | D:8      | Bought 2 boomerangs for 12 gold pieces
  9554 | D:8      | Noticed Psyche
  9567 | D:8      | Killed Psyche
  9829 | D:8      | Noticed a two-headed ogre
  9835 | D:8      | Killed Grum
  9835 | D:8      | Reached skill level 5 in Short Blades
  9835 | D:8      | Reached skill level 5 in Axes
  9835 | D:8      | Reached skill level 5 in Maces & Flails
  9835 | D:8      | Reached skill level 5 in Polearms
  9835 | D:8      | Reached skill level 5 in Staves
  9835 | D:8      | Reached skill level 5 in Slings
  9835 | D:8      | Reached skill level 5 in Bows
  9835 | D:8      | Reached skill level 5 in Crossbows
  9835 | D:8      | Reached skill level 5 in Stealth
  9835 | D:8      | Reached skill level 5 in Shields
  9835 | D:8      | Reached skill level 5 in Unarmed Combat
  9835 | D:8      | Reached skill level 5 in Evocations
  9845 | D:8      | Killed a two-headed ogre
 10083 | D:8      | Noticed Harold
 10276 | D:8      | Gained mutation: You can translocate small distances at
                  | will. [potion of mutation]
 10276 | D:8      | Gained mutation: Your muscles are strong. (Str +2) [potion
                  | of mutation]
 10276 | D:8      | Gained mutation: You are partially covered in rugged brown
                  | scales. (AC +1, +3% HP) [potion of mutation]
 10276 | D:8      | Gained mutation: You are resistant to hostile enchantments.
                  | (MR+) [potion of mutation]
 10276 | D:8      | Killed Harold
 10626 | D:7      | Killed Maurice
 10626 | D:7      | Reached skill level 6 in Invocations
 11171 | D:8      | Bought a fine helmet for 266 gold pieces
 11172 | D:8      | Identified the +2 helmet of Hopusairr {Str-3 Int+4} (You
                  | bought it in a shop on level 8 of the Dungeon)
 11179 | D:8      | Learned a level 4 spell: Summon Lightning Spire
 11242 | D:9      | Found Fotuoheda's Jewellery Shoppe.
 11329 | D:9      | Found a runed translucent gate.
 11330 | D:9      | Found a runed translucent gate.
 11331 | D:9      | Found a runed translucent gate.
 11333 | D:9      | Noticed Salanewt's ghost (novice BaIE)
 11377 | D:9      | Noticed Erolcha
 11388 | D:9      | Killed Erolcha
 11388 | D:9      | Reached XP level 11. HP: 78/86 MP: 6/22
 11634 | D:9      | Found Ebippoc's Serpentskin Sales.
 11655 | D:9      | Reached **** piety under Cheibriados
 12334 | D:9      | Found a staircase to the Lair.
 12351 | D:9      | Reached skill level 5 in Conjurations
 12351 | D:9      | Reached skill level 5 in Hexes
 12351 | D:9      | Reached skill level 5 in Charms
 12351 | D:9      | Reached skill level 5 in Summonings
 12351 | D:9      | Reached skill level 5 in Necromancy
 12351 | D:9      | Reached skill level 5 in Transmutations
 12351 | D:9      | Reached skill level 5 in Fire Magic
 12351 | D:9      | Reached skill level 5 in Ice Magic
 12351 | D:9      | Reached skill level 5 in Air Magic
 12351 | D:9      | Reached skill level 5 in Earth Magic
 12351 | D:9      | Reached skill level 5 in Poison Magic
 12553 | D:10     | Entered Level 10 of the Dungeon
 13468 | D:11     | Noticed a brown ugly thing
 13517 | D:11     | Reached skill level 7 in Invocations
 13519 | D:11     | Reached ***** piety under Cheibriados
 13599 | D:11     | Killed a brown ugly thing
 13780 | D:11     | Noticed a two-headed ogre
 13790 | D:11     | Killed a two-headed ogre
 13897 | D:11     | Noticed a cyclops
 13940 | D:11     | Killed a cyclops
 13940 | D:11     | Reached XP level 12. HP: 36/95 MP: 24/24
 14926 | D:12     | Noticed a two-headed ogre
 14937 | D:12     | Killed a two-headed ogre
 15582 | D:12     | Found a staircase to the Orcish Mines.
 15588 | D:12     | Reached ****** piety under Cheibriados
 15816 | D:12     | Found a blossoming altar of Fedhas.
 15864 | D:12     | Learned a level 1 spell: Apportation
 16005 | D:13     | Found a runed translucent door.
 16062 | D:13     | Reached skill level 8 in Invocations
 16392 | D:13     | Noticed a centaur warrior
 16398 | D:13     | Killed a centaur warrior
 16497 | D:13     | Noticed a two-headed ogre
 16521 | D:13     | Killed a two-headed ogre
 16773 | D:13     | Paralysed by a floating eye for 4 turns
 17078 | D:13     | Reached XP level 13. HP: 102/104 MP: 26/26
 17799 | D:14     | Found a gate to the Vaults.
 18736 | D:14     | Reached skill level 9 in Invocations
 19472 | D:15     | Entered Level 15 of the Dungeon
 19682 | D:15     | Found a staircase to the Depths.
 19682 | D:15     | Noticed a frost giant
 19689 | D:15     | Killed a frost giant
 20304 | D:15     | Reached skill level 10 in Spellcasting
 20395 | D:15     | Reached XP level 14. HP: 112/112 MP: 28/28
 20566 | D:15     | Reached skill level 10 in Fighting
 20566 | D:15     | Reached skill level 10 in Long Blades
 20566 | D:15     | Reached skill level 10 in Dodging
 22000 | D:9      | Bought an uncursed ring of see invisible for 180 gold
                  | pieces
 22000 | D:9      | Bought the ring "Coly" {Wiz rN++} for 570 gold pieces
 22015 | D:9      | Learned a level 6 spell: Deflect Missiles
 22111 | Orc:1    | Entered Level 1 of the Orcish Mines
 22228 | Orc:1    | Learned a level 5 spell: Dispel Undead
 22881 | Orc:2    | Entered Level 2 of the Orcish Mines
 22881 | Orc:2    | Noticed Sonja
 23376 | Orc:1    | Killed Sonja
 23376 | Orc:1    | Reached skill level 10 in Invocations
 23819 | Orc:2    | Noticed an orc warlord
 23849 | Orc:1    | Killed an orc warlord
 24349 | Orc:2    | Found a staircase to the Elven Halls.
 24417 | Orc:2    | Found a roughly hewn altar of Beogh.
 24429 | Orc:2    | Found Iwkakhoe's Weapon Emporium.
 24578 | Orc:2    | Found a roughly hewn altar of Beogh.
 24596 | Orc:2    | Found Miuqug's Gadget Shoppe.
 24624 | Orc:2    | Found a roughly hewn altar of Beogh.
 24797 | Orc:2    | Found Edecirig's Antique Weapon Shoppe.
 24801 | Orc:2    | Found a roughly hewn altar of Beogh.
 24808 | Orc:2    | Found Jisuhuar's Antique Armour Emporium.
 25004 | Orc:2    | Found Cicufek's Armour Emporium.
 25004 | Orc:2    | Found a roughly hewn altar of Beogh.
 25070 | Orc:2    | Found a roughly hewn altar of Beogh.
 25256 | Orc:1    | Noticed Jorgrun
 25365 | Orc:1    | Killed Jorgrun
 25368 | Orc:1    | Reached XP level 15. HP: 96/120 MP: 19/29
 25844 | Depths:1 | Entered Level 1 of the Depths
 25851 | Depths:1 | Reached skill level 10 in Throwing
 25851 | Depths:1 | Reached skill level 10 in Armour
 25858 | Depths:1 | Noticed a frost giant
 26388 | Lair:1   | Entered Level 1 of the Lair of Beasts
 26750 | Lair:1   | Reached skill level 10 in Short Blades
 26750 | Lair:1   | Reached skill level 10 in Axes
 26750 | Lair:1   | Reached skill level 10 in Maces & Flails
 26750 | Lair:1   | Reached skill level 10 in Polearms
 26750 | Lair:1   | Reached skill level 10 in Staves
 26750 | Lair:1   | Reached skill level 10 in Slings
 26750 | Lair:1   | Reached skill level 10 in Bows
 26750 | Lair:1   | Reached skill level 10 in Crossbows
 26750 | Lair:1   | Reached skill level 10 in Stealth
 26750 | Lair:1   | Reached skill level 10 in Shields
 26750 | Lair:1   | Reached skill level 10 in Unarmed Combat
 26750 | Lair:1   | Reached skill level 10 in Translocations
 26750 | Lair:1   | Reached skill level 10 in Evocations
 26750 | Lair:1   | Reached XP level 16. HP: 127/127 MP: 29/31
 27158 | Lair:2   | Got a polished leather armour
 27159 | Lair:2   | Identified the +3 leather armour of the Hills {rC+ Regen+}
                  | (You found it on level 2 of the Lair of Beasts)
 27520 | Lair:2   | Found a staircase to the Snake Pit.
 27866 | Lair:3   | Reached skill level 11 in Invocations
 27941 | Lair:3   | Found a sacrificial altar of Ru.
 28462 | Lair:3   | Noticed Rupert
 28478 | Lair:3   | Killed Rupert
 29203 | Lair:4   | Found a staircase to the Swamp.
 29367 | Lair:5   | Found a gate leading to a gauntlet.
 29388 | Gauntlet | Entered a Gauntlet
 29388 | Gauntlet | Found a transporter.
 29397 | Gauntlet | Found a transporter.
 29399 | Gauntlet | Found a transporter.
 29416 | Gauntlet | Found a transporter.
 29417 | Gauntlet | Found a transporter.
 29427 | Gauntlet | Found a transporter.
 29445 | Gauntlet | Found a transporter.
 29455 | Gauntlet | Found a transporter.
 29468 | Gauntlet | Found a transporter.
 29471 | Gauntlet | Found a transporter.
 29489 | Gauntlet | Found a transporter.
 29489 | Gauntlet | Found a transporter.
 29516 | Gauntlet | Found a transporter.
 29525 | Gauntlet | Found a transporter.
 29681 | Gauntlet | Identified the Grimoire of the Snowflakes
 29850 | Gauntlet | Identified the +6 morningstar of the Ghost {freeze, rF+}
 29850 | Gauntlet | Identified the ring of Xiwagos {rElec rC+ Int+3 SInv}
 29894 | Gauntlet | Identified the Collected Works on Unstable Stones
 29896 | Gauntlet | Got a polished war axe
 29899 | Gauntlet | Got a heavily runed helmet
 29901 | Gauntlet | Identified the Catalogue of Dislocation
 30865 | Lair:5   | Learned a level 2 spell: Passwall
 30993 | Lair:6   | Entered Level 6 of the Lair of Beasts
 31311 | Lair:6   | Reached XP level 17. HP: 134/134 MP: 18/32
 31658 | Lair:6   | Found a staircase to the Slime Pits.
 32526 | Swamp:1  | Entered Level 1 of the Swamp
 33138 | Swamp:1  | Noticed Frances
 33148 | Swamp:1  | Killed Frances
 33542 | Swamp:2  | Reached skill level 12 in Invocations
 34213 | Swamp:3  | Identified the cursed +0 helmet of the Grey Skies {+Blink
                  | rPois rF- MR+} (You found it in a Gauntlet)
 34862 | Swamp:3  | Found an iron altar of Okawaru.
 34962 | Swamp:4  | Entered Level 4 of the Swamp
 35120 | Swamp:4  | Reached XP level 18. HP: 143/144 MP: 32/34
 35946 | Swamp:4  | Got a decaying rune of Zot
 36336 | Snake:1  | Entered Level 1 of the Snake Pit
 36339 | Snake:1  | Reached skill level 10 in Conjurations
 36339 | Snake:1  | Reached skill level 10 in Hexes
 36339 | Snake:1  | Reached skill level 10 in Charms
 36339 | Snake:1  | Reached skill level 10 in Summonings
 36339 | Snake:1  | Reached skill level 10 in Necromancy
 36339 | Snake:1  | Reached skill level 10 in Transmutations
 36339 | Snake:1  | Reached skill level 10 in Fire Magic
 36339 | Snake:1  | Reached skill level 10 in Ice Magic
 36339 | Snake:1  | Reached skill level 10 in Air Magic
 36339 | Snake:1  | Reached skill level 10 in Earth Magic
 36339 | Snake:1  | Reached skill level 10 in Poison Magic
 36505 | Snake:1  | Found a runed translucent gate.
 36505 | Snake:1  | Found a runed translucent gate.
 36505 | Snake:1  | Found a runed translucent gate.
 36505 | Snake:1  | Noticed TheGoonsmith's ghost (adept MiBe)
 36561 | Snake:1  | Noticed Nikola
 36580 | Snake:1  | Killed Nikola
 36960 | Snake:1  | Killed TheGoonsmith's ghost
 37429 | Snake:2  | Learned a level 6 spell: Statue Form
 37756 | Snake:2  | Reached skill level 13 in Invocations
 38222 | Snake:3  | Noticed Aizul
 38251 | Snake:3  | Killed Aizul
 38251 | Snake:3  | Reached XP level 19. HP: 142/152 MP: 33/35
 38556 | Snake:3  | Got a twitching bone ring
 38592 | Snake:4  | Entered Level 4 of the Snake Pit
 38601 | Snake:4  | Identified the ring of Afacsy {-Tele rElec Dex+3 SInv
                  | Stlth+} (You found it on level 3 of the Snake Pit)
 38603 | Snake:4  | Identified the +7 war axe "Vewnah" {protect, Int+2} (You
                  | found it in a Gauntlet)
 38683 | Snake:4  | Identified Roxanne's Collected Works on Transmigration
 38683 | Snake:4  | Noticed Roxanne
 38699 | Snake:4  | Noticed Kirke
 38704 | Snake:4  | Killed Roxanne
 38864 | Snake:4  | Killed Kirke
 39077 | Snake:4  | Noticed Vashnia
 39116 | Snake:4  | Killed Vashnia
 39513 | Snake:4  | Identified the ring "Mank" {+Inv rC+ Int-3 Dex+2}
 40567 | Snake:4  | Got a serpentine rune of Zot
 40817 | D:9      | Killed Salanewt's ghost
 41061 | D:13     | Noticed Peer's ghost (journeyman TeAE)
 41063 | D:13     | Identified the cursed +1 trident "Peiz" {venom, rPois rN++
                  | Str-2 Stlth+}
 41067 | D:13     | Killed Peer's ghost
 41176 | Elf:1    | Entered Level 1 of the Elven Halls
 41219 | Elf:1    | Found Uwugheq's Antique Armour Shoppe.
 41267 | Elf:1    | Reached XP level 20. HP: 160/160 MP: 37/37
 42310 | Elf:2    | Found a runed translucent gate.
 42310 | Elf:2    | Found a runed translucent gate.
 42310 | Elf:2    | Found a runed translucent gate.
 42439 | Elf:2    | Found Horeturu's Book Boutique.
 42454 | Elf:2    | Reached skill level 14 in Invocations
 43431 | Elf:3    | Entered Level 3 of the Elven Halls
 43524 | Elf:3    | Noticed Asterion
 43560 | Elf:3    | Killed Asterion
 44222 | Elf:3    | Reached XP level 21. HP: 168/168 MP: 35/39
 44451 | Elf:3    | Identified the +0 scale mail "Japith" {Dex+3}
 44499 | Elf:3    | Identified the cursed +1 plate armour "Ighuuquitzi" {+Fly}
 44548 | Elf:3    | Cast into level 3 of the Abyss (a deep elf sorcerer)
 44661 | Abyss:3  | Found a corrupted altar of Lugonu.
 44706 | Abyss:3  | Found a corrupted altar of Lugonu.
 44780 | Abyss:3  | Paralysed by accursed screaming for 1 turns
 45108 | Abyss:3  | Noticed a bone dragon
 45123 | Abyss:3  | Killed a bone dragon
 45127 | Elf:3    | Escaped the Abyss
 45134 | Elf:3    | Identified the +1 chain mail of the Eight Lovers {rC+
                  | Int+4}
 45278 | Elf:3    | Identified the +7 whip "Yclirol" {flame, rF+ Dex+5}
 45453 | Elf:3    | Identified Ruenul's Reference Book on Changing and
                  | Dislocation
 45463 | Elf:3    | Learned a level 5 spell: Aura of Abjuration
 45741 | D:9      | Bought the amulet of Jourypoi {+Rage rC+} for 648 gold
                  | pieces
 45868 | Vaults:1 | Entered Level 1 of the Vaults
 46135 | Vaults:1 | Found a runed translucent door.
 46138 | Vaults:1 | Found a shimmering altar of Xom.
 46141 | Vaults:1 | Noticed TPoD's ghost (adept HOMo)
 46160 | Vaults:1 | Killed TPoD's ghost
 46170 | Vaults:1 | Identified the amulet "Juce" {Harm *Contam *Drain rC+++
                  | Int+4} (You found it on level 1 of the Vaults)
 46664 | Vaults:1 | Reached skill level 15 in Invocations
 46868 | Vaults:1 | You fall into a shaft and drop 1 floor!
 46882 | Vaults:2 | Reached XP level 22. HP: 178/178 MP: 35/40
 47071 | Vaults:2 | Noticed Boris
 47077 | Vaults:2 | Killed Boris
 47164 | Vaults:2 | Noticed Frederick
 47175 | Vaults:2 | Killed Frederick
 47316 | Vaults:2 | Lost mutation: Your muscles are strong. (Str +2) [a shining
                  | eye]
 47563 | Vaults:2 | Noticed Sojobo
 47594 | Vaults:2 | Killed Sojobo
 47767 | Vaults:2 | Identified Sif Muna's Almanac of the Mountains
 47775 | Vaults:2 | Learned a level 5 spell: Borgnjor's Vile Clutch
 47779 | Vaults:2 | Found a staircase to the Crypt.
 47917 | Vaults:2 | Reached skill level 15 in Spellcasting
 48530 | Vaults:1 | Identified the amulet "Fisisai" {RegenMP rN+ MR+} (You
                  | found it on level 1 of the Vaults)
 49090 | Vaults:3 | Reached skill level 15 in Fighting
 49090 | Vaults:3 | Reached skill level 15 in Long Blades
 49090 | Vaults:3 | Reached skill level 15 in Dodging
 49381 | Vaults:3 | Reached XP level 23. HP: 186/186 MP: 42/42
 50368 | Depths:1 | Found a gateway to Hell.
 50990 | Depths:2 | Reached skill level 15 in Throwing
 50990 | Depths:2 | Reached skill level 15 in Armour
 51100 | Depths:2 | Reached skill level 16 in Invocations
 51260 | Depths:2 | Noticed Mara
 51278 | Depths:2 | Noticed bonscott's illusion
 51320 | Depths:2 | Killed Mara
 51349 | Depths:2 | Identified the +6 quarterstaff "Qugoawku" {protect, rN+
                  | Stlth+}
 51623 | Depths:2 | Reached skill level 15 in Short Blades
 51623 | Depths:2 | Reached skill level 15 in Axes
 51623 | Depths:2 | Reached skill level 15 in Maces & Flails
 51623 | Depths:2 | Reached skill level 15 in Polearms
 51623 | Depths:2 | Reached skill level 15 in Staves
 51623 | Depths:2 | Reached skill level 15 in Slings
 51623 | Depths:2 | Reached skill level 15 in Bows
 51623 | Depths:2 | Reached skill level 15 in Crossbows
 51623 | Depths:2 | Reached skill level 15 in Stealth
 51623 | Depths:2 | Reached skill level 15 in Shields
 51623 | Depths:2 | Reached skill level 15 in Unarmed Combat
 51623 | Depths:2 | Reached skill level 15 in Evocations
 52062 | Depths:3 | Reached XP level 24. HP: 194/194 MP: 39/42
 52559 | Depths:3 | Found a one-way gate leading to the halls of Pandemonium.
 53221 | Depths:3 | Noticed the Enchantress
 53236 | Depths:3 | Killed the Enchantress
 53556 | Depths:3 | Found a portal to a secret trove of treasure.
 53627 | Depths:4 | Found a one-way gate to the infinite horrors of the Abyss.
 53631 | Depths:4 | Noticed Louise
 53643 | Depths:4 | Killed Louise
 53727 | Depths:4 | Noticed Saint Roka
 53750 | Depths:4 | Killed Saint Roka
 54120 | Depths:4 | Found a runed translucent door.
 54120 | Depths:4 | Noticed Viocziel's ghost (adept TrMo)
 54408 | Depths:4 | Killed Viocziel's ghost
 54488 | Depths:5 | Entered Level 5 of the Depths
 54528 | Depths:5 | Found a gateway to a ziggurat.
 54617 | Depths:5 | Noticed a juggernaut
 54633 | Depths:5 | Killed a juggernaut
 55150 | Depths:5 | Reached XP level 25. HP: 202/202 MP: 43/43
 55514 | Depths:5 | Reached skill level 17 in Invocations
 55612 | Depths:5 | Found a gate to the Realm of Zot.
 56299 | Vaults:4 | Identified the cursed +0 buckler of Ytil {rElec Dex+4}
 56433 | Vaults:4 | Noticed Boris
 56448 | Vaults:4 | Killed Boris
 57351 | Vaults:5 | Entered Level 5 of the Vaults
 57388 | Vaults:5 | Identified the +9 dagger "Emnysu" {freeze, rElec}
 57421 | Vaults:5 | Reached XP level 26. HP: 212/212 MP: 12/43
 57738 | Vaults:5 | Reached skill level 15 in Translocations
 57781 | Vaults:5 | Identified the +9 falchion of the Desert {protect, +Rage
                  | rF- rN++ Dex+4} (You found it on level 5 of the Vaults)
 57994 | Vaults:5 | Reached skill level 18 in Invocations
 58176 | Vaults:5 | Identified the cursed +0 ring mail of the Skies Above
                  | {-Tele Str+3 Int+6} (You found it on level 5 of the Vaults)
 58232 | Vaults:5 | Got a silver rune of Zot
 58504 | Vaults:5 | Identified the +10 flail of Contradiction {drain, rC- Str+8
                  | Dex+2 SInv} (You found it on level 5 of the Vaults)
 58637 | Vaults:5 | Identified the Volume of Shifting Translocation
 58762 | Vaults:5 | Identified the ring "Wopuow" {rElec rF+ rC+ Str+2} (You
                  | found it on level 5 of the Vaults)
 58813 | Vaults:5 | Identified the cursed -1 cloak of the Ageless Tables {rF+
                  | rCorr MP-9 Dex+4} (You found it on level 5 of the Vaults)
 59429 | Slime:1  | Entered Level 1 of the Pits of Slime
 60370 | Slime:2  | Reached XP level 27. HP: 221/221 MP: 44/44
 60711 | Slime:3  | Gained mutation: You are partially covered in slimy green
                  | scales. (AC +2) [a shining eye]
 60968 | Slime:2  | Gained mutation: Scrolls take you a little longer to read.
                  | [a shining eye]
 60970 | Slime:2  | Gained mutation: Scrolls take you longer to read. [a
                  | shining eye]
 61350 | Slime:5  | Entered Level 5 of the Pits of Slime
 61707 | Slime:5  | Found a viscous altar of Jiyva.
 61733 | Slime:5  | Noticed the Royal Jelly
 61748 | Slime:5  | Killed the Royal Jelly
 61748 | Slime:5  | Reached skill level 15 in Summonings
 61810 | Slime:5  | Identified the cursed +1 fustibalus "Transmigrator" {flame,
                  | -Tele MR+ Int+6} (You found it on level 5 of the Pits of
                  | Slime)
 61819 | Slime:5  | Identified the +9 lajatang "Duliohef" {slice, rN++ Int+4
                  | Dex+5} (You found it on level 5 of the Pits of Slime)
 61867 | Slime:5  | Got a slimy rune of Zot
 61936 | Slime:5  | Identified the amulet "Earthly Heaven" {Gourm *Contam rN++}
                  | (You found it on level 5 of the Pits of Slime)
 61939 | Slime:5  | Identified the ring of Tender Moments {rN+ Int+5 Stlth+}
                  | (You found it on level 5 of the Pits of Slime)
 61950 | Slime:5  | Identified the ring "Huent" {+Inv rC+ Str+3} (You found it
                  | on level 5 of the Pits of Slime)
 61972 | Slime:5  | Identified the cursed +0 cloak of Enaixol {Dex+4} (You
                  | found it on level 5 of the Pits of Slime)
 62616 | Vaults:5 | Learned a level 8 spell: Controlled Blink
 62760 | Crypt:1  | Entered Level 1 of the Crypt
 62975 | Crypt:1  | Found the +6 Majin-Bo {vamp, Archmagi MP+6 Int+6}
 63334 | Crypt:1  | Noticed Mennas
 63354 | Crypt:1  | Killed Mennas
 64107 | Crypt:2  | Identified a scroll of acquirement
 64165 | Crypt:2  | Identified the amulet "Oduarake" {RegenMP Int+4 Dex+6} (You
                  | acquired it on level 2 of the Crypt)
 64505 | Crypt:3  | Entered Level 3 of the Crypt
 64823 | Crypt:3  | Noticed Bai Suzhen
 64839 | Crypt:3  | Killed Bai Suzhen
 64839 | Crypt:3  | Reached skill level 15 in Conjurations
 64839 | Crypt:3  | Reached skill level 15 in Hexes
 64839 | Crypt:3  | Reached skill level 15 in Charms
 64839 | Crypt:3  | Reached skill level 15 in Necromancy
 64839 | Crypt:3  | Reached skill level 15 in Transmutations
 64839 | Crypt:3  | Reached skill level 15 in Fire Magic
 64839 | Crypt:3  | Reached skill level 15 in Ice Magic
 64839 | Crypt:3  | Reached skill level 15 in Air Magic
 64839 | Crypt:3  | Reached skill level 15 in Earth Magic
 64839 | Crypt:3  | Reached skill level 15 in Poison Magic
 65095 | Crypt:3  | Got a coiled jade ring
 65204 | Crypt:1  | Identified the ring "Mouvve Weoq" {rN+ Int+4} (You found it
                  | on level 3 of the Crypt)
 65511 | Crypt:3  | Identified the amulet "Qonlaur" {Reflect rF+ SH+3} (You
                  | acquired it on level 3 of the Crypt)
 65669 | Crypt:3  | Noticed a greater mummy
 65671 | Crypt:3  | Noticed Khufu
 65708 | Crypt:3  | Killed a greater mummy
 65717 | Crypt:3  | Killed Khufu
 66495 | Crypt:3  | Identified Ypnoutis's Papyrus of Unholy Magic
 66575 | Crypt:3  | Identified the ring of the Fiend {rF- rN+ MP+9 Str+5 Int+3}
                  | (You found it on level 3 of the Crypt)
 67372 | Crypt:3  | Found a staircase to the Tomb.
 67384 | Crypt:3  | Learned a level 5 spell: Silence
 67385 | Tomb:1   | Entered Level 1 of the Tomb of the Ancients
 67936 | Tomb:1   | Reached skill level 19 in Invocations
 68005 | Tomb:1   | Identified the +6 flail "Buesal" {freeze, Fragile +Fly
                  | rPois rF+} (You found it on level 1 of the Tomb of the
                  | Ancients)
 69610 | Tomb:1   | Noticed a greater mummy
 69616 | Tomb:1   | Killed a greater mummy
 69980 | Tomb:2   | Noticed a greater mummy
 69986 | Tomb:2   | Noticed a greater mummy
 69986 | Tomb:2   | Noticed a greater mummy
 69988 | Tomb:2   | Noticed a greater mummy
 70385 | Tomb:1   | Noticed a greater mummy
 70392 | Tomb:1   | Killed a greater mummy
 70431 | Tomb:1   | Noticed a greater mummy
 70431 | Tomb:1   | Noticed a greater mummy
 70431 | Tomb:1   | Noticed a greater mummy
 70431 | Tomb:1   | Noticed a greater mummy
 70447 | Tomb:1   | Noticed a greater mummy
 70453 | Tomb:1   | Killed a greater mummy
 70469 | Tomb:1   | Killed a greater mummy
 70477 | Tomb:1   | Killed a greater mummy
 70483 | Tomb:1   | Killed a greater mummy
 70486 | Tomb:1   | Killed a greater mummy
 70872 | Tomb:1   | Noticed a greater mummy
 70890 | Tomb:1   | Killed a greater mummy
 70893 | Tomb:1   | Noticed a greater mummy
 70902 | Tomb:1   | Killed a greater mummy
 71174 | Tomb:1   | Noticed a greater mummy
 71188 | Tomb:1   | Killed a greater mummy
 71248 | Tomb:1   | Noticed a greater mummy
 71254 | Tomb:1   | Noticed a greater mummy
 71255 | Tomb:1   | Noticed a greater mummy
 71259 | Tomb:1   | Killed a greater mummy
 71269 | Tomb:1   | Killed a greater mummy
 71275 | Tomb:1   | Killed a greater mummy
 71339 | Tomb:1   | Noticed a greater mummy
 71339 | Tomb:1   | Noticed a greater mummy
 71339 | Tomb:1   | Noticed a greater mummy
 71348 | Tomb:1   | Killed a greater mummy
 71352 | Tomb:1   | Killed a greater mummy
 71361 | Tomb:1   | Killed a greater mummy
 71393 | Tomb:1   | Noticed a greater mummy
 71407 | Tomb:1   | Killed a greater mummy
 71408 | Tomb:1   | Noticed a greater mummy
 71416 | Tomb:1   | Killed a greater mummy
 71461 | Tomb:1   | Noticed a greater mummy
 71462 | Tomb:1   | Noticed a greater mummy
 71469 | Tomb:1   | Killed a greater mummy
 71474 | Tomb:1   | Killed a greater mummy
 71524 | Tomb:1   | Noticed a greater mummy
 71530 | Tomb:1   | Noticed a greater mummy
 71543 | Tomb:1   | Killed a greater mummy
 71553 | Tomb:1   | Killed a greater mummy
 72055 | Tomb:3   | Entered Level 3 of the Tomb of the Ancients
 72098 | Tomb:3   | Noticed an ancient lich
 72099 | Tomb:3   | Noticed a greater mummy
 72113 | Tomb:3   | Killed an ancient lich
 72124 | Tomb:3   | Killed a greater mummy
 72128 | Tomb:3   | HP: 14/333 [guardian mummy (8)]
 72128 | Tomb:3   | Killed from afar by a mummy priest

Levels and vault maps discovered:
D:1:      dpeg_arrival_fog, layout_loops_ring
D:2:      layout_rooms, first_ration, kennysheep_generic_room_2
D:3:      layout_loops_cross, chequers_temple_overflow_statue_of_worship,
          chequers_jeans, uniq_robin, uniq_crazy_yiuf_cottage
D:4:      layout_basic, cheibrodos_ashenzari_chains, kennysheep_big_empty_room,
          uniq_blork_the_orc
D:5:      layout_loops_ring, kennysheep_mini
D:6:      layout_loops_corners, lemuel_crystal_altar, temple_doors_e,
          nicolae_ru_awakened_eye, uniq_menkaure, uniq_sigmund
D:7:      layout_loops_ring, gammafunk_temple_overflow_claw, basic_altar
D:8:      layout_cave_pods, lemuel_round_altar, overflow_temple_1_default,
          trog_ov_bears_minmay, enter_bailey_2, serial_shops,
          nicolae_shop_trees, kennysheep_little_box, uniq_harold, uniq_maurice,
          uniq_psyche, uniq_grum
D:9:      layout_rooms, erik_lair_dragon, serial_shops, kennysheep_mini_moat,
          gammafunk_ghost_spectres, hangedman_fish_farm,
          hangedman_decor_diamond_cutter, statue_in_the_mist_lemuel,
          guppyfry_shop_venom, uniq_erolcha
D:10:     layout_roguey, minmay_misc_feat_more_columns
D:11:     layout_grid_maze, due_unseen_surprise
D:12:     layout_roguey, kennysheep_orc_monster_closet_entryway, basic_altar,
          serial_bayou_ford_a
D:13:     layout_long_grid, ebering_ghost_funeral_grove, skrybe_limestone_x,
          glass_columns_a, kennysheep_doodads, disabler_island
D:14:     wad_arrow_thing, layout_rooms, serial_co_window_serial,
          co_window_of_opportunity_a, co_window_paths_b,
          co_window_of_opportunity_a, co_window_paths_a, co_window_corner_a,
          co_window_corner_b, co_window_broadway_b, co_window_broadway_a,
          co_window_broadway_a, co_window_corner_cb, co_window_paths_c,
          glass_columns_a
D:15:     grunt_enter_depths_snipers, layout_cave_pools, minmay_misc_feat_rows,
          hangedman_cracks_in_the_wall
Lair:1:   layout_misc_corridors, grunt_megastairs_5,
          infiniplex_staircase_pool_2, lemuel_fruit_tree
Lair:2:   layout_regular_city, minmay_snake_entry_guardpost_small,
          serial_bayou_shore_a
Lair:3:   layout_loops_ring, basic_altar, grunt_megastairs_3, uniq_rupert
Lair:4:   layout_regular_city, minmay_swamp_entry_swarm
Lair:5:   beast_lair_carwin_large_2, layout_gridlike, gauntlet_entry_generic,
          infiniplex_staircase_pool
Lair:6:   minmay_lair_end_frog_pond, layout_long_grid,
          minmay_slime_entry_jelly_boxes, wad_woods_06
Swamp:1:  cheibrodos_swamp_tower_of_moss, layout_basic_swamp,
          evilmike_swamp_ruin_wall, st_swamp_ruins_4, uniq_frances
Swamp:2:  layout_basic_swamp, serial_swamp_ruin, evilmike_swamp_ruin_house_4,
          evilmike_swamp_ruin_rubble_1
Swamp:3:  layout_basic_swamp, nicolae_swamp_stair_fork, swamp_pool1,
          nicolae_swamp_godswood
Swamp:4:  swamp_basic_johnstein, layout_basic_swamp
Snake:1:  layout_onion, gammafunk_ghost_necromancy, grunt_megastairs_2,
          uniq_nikola
Snake:2:  layout_misc_corridors
Snake:3:  layout_grid_shapes, serial_bayou_shore_b, uniq_aizul
Snake:4:  grunt_snake_rune_serpentine_throne, layout_misc_corridors,
          nrook_guardian_serpent_ordinary, uniq_kirke, uniq_vashnia,
          uniq_roxanne
Slime:1:  layout_caves
Slime:2:  layout_caves, cheibrodos_slime_lost_civilization_4
Slime:3:  layout_caves
Slime:4:  layout_caves
Slime:5
Orc:1:    cheibrodos_orc_guarddog, layout_caves, nicolae_orc_crystal_geode,
          uniq_jorgrun
Orc:2:    grunt_orc_community_town_hall, layout_caves,
          grunt_orc_community_big_house_2, grunt_orc_community_big_house_2,
          grunt_orc_community_house_1, grunt_orc_community_house_1,
          grunt_orc_community_house_2, grunt_orc_community_house_3,
          serial_shops, shop, uniq_sonja
Elf:1:    layout_gridlike, serial_shops, nicolae_shop_overgrown_old_shop,
          hangedman_elf_represent, nicolae_wwwww
Elf:2:    layout_loops_corners, serial_shops, nicolae_shop_crystal, drop_trap,
          minmay_misc_feat_ornament, grunt_ministairs_15
Elf:3:    elf_hall_gauntlet_narrow, layout_gridlike, uniq_asterion
Vaults:1: ebering_vaults_ghost_xom, vaults_room_pools, hangedman_vaults_pinch,
          hangedman_vaults_snaps, v_pattern_4, v_misc_9,
          vaults_room_grunt_arrival_ludios, v_misc_27,
          nicolae_vaults_angled_halls, layout_vaults_quadrants
Vaults:2: ontoclasm_vaults_eye, nicolae_vaults_three_branches,
          minmay_crypt_entry_simple_statues, vaults_mumra_hex,
          ontoclasm_vaults_idyll, vaults_room_grid, vaults_room_pool, v_misc_2,
          ontoclasm_vaults_fault, nicolae_vaults_ring_of_whatevers, v_misc_17,
          ontoclasm_vaults_loading_screen, hangedman_vaults_restitches,
          layout_vaults_omnicross, uniq_boris, uniq_frederick, uniq_sojobo
Vaults:3: hangedman_vaults_variations, nicolae_vaults_sealed_display, v_misc_31,
          v_misc_5, nicolae_vaults_little_squares_2, ontoclasm_vaults_gateway,
          ontoclasm_vaults_loading_screen, hangedman_vaults_stretched_pinwheel,
          layout_vaults_big_room
Vaults:4: nicolae_vaults_angled_halls, vaults_mumra_hexcomb,
          ontoclasm_vaults_ring_square, nicolae_vaults_border_crossing,
          v_misc_11, v_pattern_2, vaults_dpeg_hooks, v_rooms_4, v_rooms_2,
          vaults_room_pools, v_alt_pattern_3, grunt_vaults_hallway_long,
          ontoclasm_vaults_claustrophobia, vaults_room_grid,
          ontoclasm_vaults_ring_small, layout_vaults_omnibox, mu_enter_wizlab_6
Vaults:5
Crypt:1:  minmay_guarded_unrand_majin_bo, layout_misc_corridors,
          minigarden_bobbens, uniq_mennas
Crypt:2:  layout_misc_corridors, grunt_ministairs_7
Crypt:3:  due_elkab, layout_chaotic_city, nicolae_tomb_entry_grand_gallery,
          uniq_bai_suzhen, uniq_khufu
Tomb:1
Tomb:2
Tomb:3
Depths:1: layout_basic, chequers_serial_rivers_small_a,
          pf_hell_entry_tar_spiral, minmay_gold_behind_fungi,
          lemuel_nasty_fountain, grunt_megastairs_4
Depths:2: minmay_ornate_pinched, layout_basic, hell_entry, hex_tiny,
          hangedman_decor_peaks_small, uniq_mara
Depths:3: minmay_slanted_spiral_squares, layout_gridlike, enter_trove_5,
          rand_demon_pan_entry_4, hell_entry, hangedman_decor_lopped,
          minmay_staircase_statues_hall_large, serial_bayou_shore_b,
          uniq_enchantress
Depths:4: kennysheep_funnel, layout_cave_shapes, hangedman_coc_ice_floe,
          ebering_ghost_inner_flame, nicolae_abyss_entry_one_way_or_another,
          uniq_saint_roka
Depths:5: grunt_zot_entry_alcove, layout_basic, enter_ziggurat_e,
          grunt_hell_entry_dis_grunt, abyss_entry, grunt_decor_fettered

Skill      XL: |  1  2  3  4  5  6  7  8  9 10 11 12 13 14 15 16 17 18 19 20 21 22 23 24 25 26 27 |
---------------+----------------------------------------------------------------------------------+-----
Spellcasting   | 5 6 7 8 9 10 11 12 13 14 15 16 17 18 | 18.8
Invocations    | 1 2 3 4 5 6 7 8 9 10 11 12 13 14 15 16 17 18 19 | 19.7
Short Blades   | 1 2 3 4 5 6 7 8 9 10 11 12 13 14 15 16 18 | 18.3
Axes           | 1 2 3 4 5 6 7 8 9 10 11 12 13 14 15 16 18 | 18.3
Maces & Flails | 1 2 3 4 5 6 7 8 9 10 11 12 13 14 15 16 18 | 18.3
Polearms       | 1 2 3 4 5 6 7 8 9 10 11 12 13 14 15 16 18 | 18.3
Staves         | 1 2 3 4 5 6 7 8 9 10 11 12 13 14 15 16 18 | 18.3
Slings         | 1 2 3 4 5 6 7 8 9 10 11 12 13 14 15 16 18 | 18.3
Bows           | 1 2 3 4 5 6 7 8 9 10 11 12 13 14 15 16 18 | 18.3
Crossbows      | 1 2 3 4 5 6 7 8 9 10 11 12 13 14 15 16 18 | 18.3
Stealth        | 1 2 3 4 5 6 7 8 9 10 11 12 13 14 15 16 18 | 18.3
Shields        | 1 2 3 4 5 6 7 8 9 10 11 12 13 14 15 16 18 | 18.3
Unarmed Combat | 1 2 3 4 5 6 7 8 9 10 11 12 13 14 15 16 18 | 18.3
Evocations     | 1 2 3 4 5 6 7 8 9 10 11 12 13 14 15 16 18 | 18.3
Conjurations   | 1 2 3 4 5 6 7 8 9 10 11 12 13 14 15 | 15.8
Hexes          | 1 2 3 4 5 6 7 8 9 10 11 12 13 14 15 | 15.8
Charms         | 1 2 3 4 5 6 7 8 9 10 11 12 13 14 15 | 15.8
Summonings     | 1 2 3 4 5 6 7 8 9 10 11 12 13 14 17 | 17.1
Necromancy     | 1 2 3 4 5 6 7 8 9 10 11 12 13 14 15 | 15.8
Transmutations | 1 2 3 4 5 6 7 8 9 10 11 12 13 14 15 | 15.8
Fire Magic     | 1 2 3 4 5 6 7 8 9 10 11 12 13 14 16 | 16.5
Ice Magic      | 1 2 3 4 5 6 7 8 9 10 11 12 13 14 15 | 15.8
Air Magic      | 1 2 3 4 5 6 7 8 9 10 11 12 13 14 15 | 15.8
Earth Magic    | 1 2 3 4 5 6 7 8 9 10 11 12 13 14 15 | 15.8
Poison Magic   | 1 2 3 4 5 6 7 8 9 10 11 12 13 14 15 | 15.8
Throwing       | 3 4 5 6 7 8 9 10 11 12 13 14 15 16 17 18 | 18.5
Armour         | 3 4 5 6 7 8 9 10 11 12 13 14 15 16 17 18 | 18.5
Fighting       | 5 6 7 8 9 10 11 12 13 14 15 16 17 18 | 18.7
Long Blades    | 5 6 7 8 9 10 11 12 13 14 15 16 17 18 | 18.7
Dodging        | 5 6 7 8 9 10 11 12 13 14 15 16 17 18 | 18.7
Translocations | 6 7 8 9 10 11 12 13 14 15 16 | 16.5

Action                   |  1- 3 |  4- 6 |  7- 9 | 10-12 | 13-15 | 16-18 | 19-21 | 22-24 | 25-27 || total
-------------------------+-------+-------+-------+-------+-------+-------+-------+-------+-------++-------
Melee: Falchion          |   109 |     8 |       |       |       |       |       |       |       ||   117
       Bite              |     6 |    21 |    47 |    92 |   152 |   191 |   196 |   343 |   451 ||  1499
       Dagger            |     4 |       |       |       |       |       |       |       |     2 ||     6
       Rapier            |       |   164 |   306 |    63 |       |       |       |       |       ||   533
       Short sword       |       |       |       |   341 |   531 |   412 |    12 |       |       ||  1296
       Morningstar       |       |       |       |       |       |   518 |   468 |    35 |       ||  1021
       Unarmed           |       |       |       |       |       |       |   593 |   157 |    13 ||   763
       War axe           |       |       |       |       |       |       |    24 |       |       ||    24
       Eveningstar       |       |       |       |       |       |       |       |  1210 |  1267 ||  2477
       Sacred scourge    |       |       |       |       |       |       |       |       |   712 ||   712
Throw: Stone             |    15 |    79 |    29 |    27 |   170 |    41 |    25 |    12 |    39 ||   437
       Boomerang         |       |    32 |       |    37 |   103 |   441 |   201 |    62 |    79 ||   955
       Dart              |       |    11 |    48 |   125 |    75 |       |     5 |       |       ||   264
       Javelin           |       |       |       |       |       |       |    20 |    20 |     3 ||    43
 Cast: Shroud of Golubri |     1 |     5 |    15 |    21 |    16 |     9 |     4 |       |       ||    71
       Gell's Gravitas   |       |     6 |    14 |    73 |   166 |   201 |    82 |    12 |     7 ||   561
       Teleport Other    |       |     7 |       |       |       |       |     1 |       |       ||     8
       Blink             |       |     5 |    10 |     8 |    14 |     7 |       |     2 |       ||    46
       Lesser Beckoning  |       |       |     1 |     3 |    12 |    42 |    90 |    31 |    56 ||   235
       Tukima's Dance    |       |       |     4 |    24 |     8 |     7 |     2 |     2 |       ||    47
       Shock             |       |       |       |    27 |    28 |       |     1 |       |       ||    56
       Summon Lightning  |       |       |       |     4 |    20 |    17 |    12 |     7 |     8 ||    68
       Apportation       |       |       |       |       |    76 |   129 |    47 |    51 |    37 ||   340
       Deflect Missiles  |       |       |       |       |     3 |     1 |     6 |     3 |     4 ||    17
       Statue Form       |       |       |       |       |       |     4 |    40 |    29 |    32 ||   105
       Dispel Undead     |       |       |       |       |       |     2 |     8 |     5 |       ||    15
       Passwall          |       |       |       |       |       |       |     2 |     7 |     1 ||    10
       Borgnjor's Vile C |       |       |       |       |       |       |       |    46 |   100 ||   146
       Aura of Abjuratio |       |       |       |       |       |       |       |       |    14 ||    14
       Silence           |       |       |       |       |       |       |       |       |    11 ||    11
       Controlled Blink  |       |       |       |       |       |       |       |       |     3 ||     3
Invok: Slouch            |       |       |       |     3 |     2 |     4 |     1 |       |    10 ||    20
       Temporal Distorti |       |       |       |     1 |       |     1 |       |       |     1 ||     3
       Bend Time         |       |       |       |     1 |     1 |     1 |       |       |       ||     3
Evoke: Wand              |       |       |       |     9 |    12 |     5 |       |     1 |       ||    27
       Box of beasts     |       |       |       |       |       |       |       |       |     3 ||     3
       Fan of gales      |       |       |       |       |       |       |       |       |     2 ||     2
       Lamp of fire      |       |       |       |       |       |       |       |       |     1 ||     1
       Lightning rod     |       |       |       |       |       |       |       |       |     1 ||     1
  Use: Scroll            |       |       |     8 |    10 |     9 |    13 |    10 |    16 |    48 ||   114
       Potion            |       |       |     1 |     5 |     4 |     2 |     2 |     1 |    15 ||    30
 Stab: Sleeping          |     1 |       |     6 |    12 |    12 |    13 |    14 |    19 |    63 ||   140
       Distracted        |       |       |       |     1 |     4 |     7 |     7 |     6 |     5 ||    30
       Invisible         |       |       |       |       |     1 |       |       |       |       ||     1
       Paralysed         |       |       |       |       |     1 |       |       |       |       ||     1
  Eat: Chunk             |     2 |    12 |     8 |    13 |    13 |    23 |    18 |    19 |    10 ||   118
       Ration            |       |       |       |       |     1 |       |       |       |     7 ||     8
Armor: Leather armour    |    30 |    29 |    10 |       |       |       |       |       |       ||    69
       Ring mail         |       |       |    55 |   102 |   106 |    67 |       |       |       ||   330
       Pearl dragon scal |       |       |       |       |       |    78 |   114 |   101 |   144 ||   437
       Skin              |       |       |       |       |       |     2 |   154 |   229 |   338 ||   723
       Acid dragon scale |       |       |       |       |       |       |       |       |    36 ||    36
Dodge: Dodged            |   112 |   123 |   160 |   336 |   444 |   531 |   755 |  1227 |  2073 ||  5761
       Deflected         |       |       |       |       |    10 |    28 |    78 |    28 |    52 ||   196
Block: Buckler           |       |       |    84 |   172 |   279 |       |       |       |       ||   535
       Shield            |       |       |       |       |       |   723 |  1114 |  1430 |  2185 ||  5452
       Rpst.: Falchion   |    32 |     1 |       |       |       |       |       |       |       ||    33
